 Dungeon Crawl Stone Soup version 0.31-a0-535-g08d4ee9 (webtiles) character file.

Game seed: 3289248595740366594

771 Dorkslayer the Cudgeller (level 7, -6/102 HPs)
             Began as a Troll Fighter on Aug 12, 2023.
             Mangled by a gnoll sergeant
             ... wielding a +5 heavy trident
              (13 damage)
             ... on level 5 of the Dungeon.
             The game lasted 00:09:22 (3452 turns).

Dorkslayer the Cudgeller (Troll Fighter)            Turns: 3452, Time: 00:09:22

Health: -6/102     AC:  4    Str: 23    XL:     7   Next: 53%
Magic:  7/8        EV:  9    Int:  4    God:
Gold:   157        SH:  9    Dex: 11    Spells: 8/8 levels left

rFire   . . .        a - +0 flail
rCold   . . .        c - +1 kite shield
rNeg    . . .        b - +0 robe
rPois   .            (helmet restricted)
rElec   .            (no cloak)
rCorr   .            (gloves unavailable)
SInv    .            (boots unavailable)
Will    .....        (no amulet) Stlth
                     (no ring)
HPRegen 1.17/turn    (no ring)
MPRegen 0.11/turn

%: no passive effects
@: berserking, very quick
A: large, unfitting armour, claws 3, regeneration 1, shaggy fur 1, tough skin 1,
weak 1
a: no special abilities


You were on level 5 of the Dungeon.
You visited 1 branch of the dungeon, and saw 5 of its levels.

You collected 196 gold pieces.
You spent 39 gold pieces at shops.

Inventory:

Hand Weapons
 a - a +0 flail (weapon)
Missiles
 g - 3 boomerangs (quivered)
Armour
 b - a +0 robe (worn)
 c - a +1 kite shield (worn)
Scrolls
 e - 2 scrolls of enchant armour
 h - a scroll of identify {unknown}
 i - 3 scrolls of teleportation
 k - a scroll of fear {unknown}
 o - a scroll of enchant weapon {unknown}
 q - 2 scrolls of blinking {unknown}
Potions
 n - a potion of magic {unknown}


   Skills:
 + Level 3.8 Fighting
 + Level 4.7 Maces & Flails
 + Level 3.7 Dodging
 + Level 0.4 Stealth
 + Level 4.1 Shields
 * Level 1.4 Spellcasting


You had 8 spell levels left.
You didn't know any spells.
Your spell library contained the following spells:

 Spells                   Type           Power      Damage    Failure   Level
 Lesser Beckoning         Tloc           0%         N/A       85%         2
 Gell's Gravitas          Tloc           0%         N/A       97%         3
 Teleport Other           Tloc           0%         N/A       97%         3
 Passage of Golubria      Tloc           0%         N/A       100%        4
 Silence                  Hex/Air        0%         N/A       100%        5
 Lehudib's Crystal Spear  Conj/Erth      0%         10d2      100%        8


Dungeon Overview and Level Annotations

Branches:
Dungeon (5/15)
 Temple: D:4-7

Altars:
Ashenzari
Wu Jian

Shops:
D:2 *

Annotations:
D:4 2 transporters, dontdoit's ghost, amateur GrCA


Innate Abilities, Weirdness & Mutations

You are too large for most types of armour.
You have claws for hands.
Your natural rate of healing is unusually fast.
You are covered in fur. (AC +1)
You have tough skin. (AC +1)
You are weak. (Str -2)


Message History

You sock the ice beast!
The ice beast is heavily wounded.
You closely miss the ice beast.
The ice beast is heavily wounded.
You block the ice beast's attack.
You closely miss the ice beast.
The ice beast is heavily wounded.
You block the ice beast's attack.
You sock the ice beast!
The ice beast is almost dead.
The ice beast hits you.
* * * LOW HITPOINT WARNING * * *
The ice beast freezes you!
* * * LOW HITPOINT WARNING * * *
You hit the ice beast but do no damage.
The ice beast is almost dead.
You block the ice beast's attack.
You barely miss the ice beast.
The ice beast is almost dead.
The ice beast hits you.
* * * LOW HITPOINT WARNING * * *
The ice beast freezes you!
* * * LOW HITPOINT WARNING * * *
You thump the ice beast!
You kill the ice beast!
It was a potion of mutation.
You feel extremely strange.
You feel weaker.
It was a potion of attraction.
You feel attractive to monsters. You block the gnoll sergeant's attack.
It was a potion of cancellation.
Your magical effects are unravelling.
You feel magically purged.
You feel yourself slow down.
You feel less attractive to monsters.
It was a potion of berserk rage.
A red film seems to cover your vision as you go berserk!
You feel yourself moving faster!
You feel mighty!
The gnoll sergeant hits you with a +5 heavy trident!
You die...

**** *****#...* *.#*.#*,* *,,,
,,,**** #...# *.#*.##.***,,,
,,,,,,* #...#****.#.....**8**,
**,**,* #...##,**.#....#,,,*,⌠
**,**,######...#.*,*.g....#_,,,,,
,,,*,<..........***,gsY...#,,,**,
,***,,,........## ##og....#*8**,,
,,,,,,,.........###M#*,,,*****8,,
,****,**####...#@#.##*,,,,,,***,_
,* *,* #...##g## **,,,,,,,*** ,**
*,* #...#### **,****** ,,* *,*
#...# *,* ***** ,,***,*****#...#
*,* *,,,, ,,*,,,,,,,*##.##
*,****,*** ,,,,,,**#,##...#####
*,,,,,,,,* *,*,***##.#........#
******,*,, *,*,**,..........#.#
*,***


You could see a gnoll sergeant.

Vanquished Creatures
  Menkaure (D:5)
  An ice beast (D:5)
  A phantom (D:5)
  A scorpion (D:4)
  A hound (D:4)
  An orc priest (D:4)
  2 iguanas
  Terence (D:2)
  2 orc wizards
  Robin (D:3)
  2 gnolls (D:5)
  8 adders
  A worm (D:3)
  3 dart slugs
  21 orcs
  7 bats
  8 endoplasms
  8 giant cockroaches
  11 goblins
  6 hobgoblins
  4 jackals (D:2)
  10 kobolds
  3 quokkas
  7 ball pythons
  5 frilled lizards
  9 rats
125 creatures vanquished.

Notes
Turn   | Place    | Note
-------+----------+-------------------------------------------
     0 | D:1      | Dorkslayer the Troll Fighter began the quest for the Orb.
     0 | D:1      | Reached XP level 1. HP: 22/22 MP: 0/0
   283 | D:1      | Reached XP level 2. HP: 29/29 MP: 1/1
   478 | D:1      | Reached XP level 3. HP: 36/36 MP: 2/2
   790 | D:2      | Found a broken altar of Ashenzari.
  1390 | D:2      | Found Lonaxtog's General Store.
  1515 | D:3      | Found an ornate altar of the Wu Jian Council.
  1559 | D:3      | Reached XP level 4. HP: 44/44 MP: 1/3
  1598 | D:3      | Noticed Robin
  1610 | D:3      | Noticed Terence
  1697 | D:2      | Bought a scroll of teleportation for 39 gold pieces
  1738 | D:2      | Killed Terence
  1797 | D:3      | Killed Robin
  1798 | D:3      | Reached XP level 5. HP: 38/53 MP: 4/4
  2499 | D:4      | Noticed a phantom
  2685 | D:4      | Reached XP level 6. HP: 59/61 MP: 5/5
  2906 | D:4      | Found a transporter.
  2907 | D:4      | Noticed an ice beast
  2910 | D:4      | Noticed dontdoit's ghost (amateur GrCA)
  3031 | D:4      | Found a transporter.
  3360 | D:5      | Entered Level 5 of the Dungeon
  3377 | D:5      | Reached skill level 1 in Spellcasting
  3377 | D:5      | Reached XP level 7. HP: 59/67 MP: 7/7
  3410 | D:5      | Noticed Menkaure
  3423 | D:5      | Killed Menkaure
  3447 | D:5      | HP: 1/68 [ice beast (12)]
  3449 | D:5      | Gained mutation: You are weak. (Str -2) [potion of
                  | mutation]
  3452 | D:5      | Mangled by a gnoll sergeant

Illustrated notes

Levels and vault maps discovered:
D:1:      dpeg_arrival_castle, layout_basic, amethyst_killhole, st_stairs_12,
          minmay_tripent
D:2:      layout_basic, serial_shops, nicolae_shop_statue_plus, basic_altar,
          minmay_pentomino_u2
D:3:      layout_basic, nicolae_overflow_crystal_walls,
          minmay_randomly_rotated_circles, uniq_terence, uniq_robin
D:4:      layout_basic, gammafunk_ghost_arena, chequers_arboretum,
          wad_rectangle_vault
D:5:      layout_loops_cross, grunt_temple_overflow_magic_moments, zin_angel,
          st_stairs_4, minmay_chambers_of_fives, uniq_menkaure, uniq_duvessa

Skill      XL: |  1  2  3  4  5  6 |
---------------+-------------------+-----
Maces & Flails | 2 3 4 |  4.7
Shields        | 3 4 |  4.1
Dodging        | 3 |  3.7
Fighting       | 3 |  3.8
Spellcasting   | 1 |  1.4
Stealth        | |  0.4

Action                     |  1- 3 |  4- 6 |  7- 9 || total
---------------------------+-------+-------+-------++-------
  Melee: Flail             |   133 |   305 |    30 ||   468
  Throw: Boomerang         |       |       |     1 ||     1
    Use: Potion            |       |     4 |     5 ||     9
         Scroll            |       |       |     2 ||     2
   Stab: Sleeping          |     1 |     1 |       ||     2
         Distracted        |       |     1 |       ||     1
 Armour: Robe              |    49 |   126 |     2 ||   177
  Dodge: Dodged            |    66 |   133 |     4 ||   203
  Block: Kite shield       |    56 |   158 |    12 ||   226

Table legend: (Time is in decaauts)
 A = Elapsed time spent in this place.
 B = Non-inter-level travel time spent in this place.
 C = Inter-level travel time spent in this place.
 D = Time resting spent in this place.
 E = Time spent auto-exploring this place.
 F = Levels seen in this place.
 G = Mean time per level.
                   A        B        C        D        E       F      G
               +--------+--------+--------+--------+--------+-----+--------+
         Total |   3596 |   3596 |      0 |     14 |   1561 |   5 |  719.2 |
       Dungeon |   3596 |   3596 |      0 |     14 |   1561 |   5 |  719.2 |
               +--------+--------+--------+--------+--------+-----+--------+

Top non-repeatable levels by time:
     D:2: 914 daAuts
     D:3: 895 daAuts
     D:4: 874 daAuts
     D:1: 820 daAuts
     D:5: 92 daAuts
